Blackhawks vs Devils

Created - Tuesday, December 09, 2014 at 21:19

Goals
1 2 3 T
Blackhawks 2 0 2 4
Devils 2 2 1 5
Shots
1 2 3 T
Blackhawks 6 10 13 29
Devils 10 10 8 28

1st period

1. Blackhawks , Brock Nelson 1 (Martin Hanzal) at 1:59
2. Blackhawks , Dustin Byfuglien 5 (Curtis Glencross, Martin Hanzal) at 5:25 (PP)
3. Devils , Alex Tanguay 5 (Brent Seabrook) at 5:47
4. Devils , Drew Stafford 8 (Brent Seabrook, Grant Clitsome) at 11:23 (PP)

Penalties :
Ville Leino (NJD) for Roughing (Minor) at 3:46, David Backes (Chi) for Slashing (Minor) at 8:04, David Backes (Chi) for Cross-checking (Minor) at 10:47, Michael Del Zotto (Chi) for Interference (Minor) at 19:00

2nd period

5. Devils , Tyler Johnson 8 (Drew Stafford) at 4:23 (PP)
6. Devils , Ville Leino 5 (Brent Seabrook, Mark Stuart) at 8:42

Penalties :
Dustin Byfuglien (Chi) for Hooking (Minor) at 4:02, Dustin Byfuglien (Chi) for Roughing (Minor) at 6:39, Torey Krug (Chi) for Holding (Minor) at 17:19

3rd period

7. Blackhawks , Jaromir Jagr 6 (David Backes, Justin Braun) at 4:12 (PP)
8. Devils , Drew Stafford 9 (Mark Stuart, John Carlson) at 9:18
9. Blackhawks , Martin Hanzal 9 (Jordie Benn) at 18:21

Penalties :
Drew Stafford (NJD) for Roughing (Minor) at 0:43, Jay Beagle (NJD) for High sticking (Minor) at 3:24, Jordie Benn (Chi) for Hooking (Minor) at 9:21, Matt Irwin (NJD) for Charging (Minor) at 12:11

Goalie Stats

Craig Anderson (Chi), 12 saves from 16 shots - (0.750), 28:42 minutes
Anton Khudobin (Chi), 11 saves from 12 shots - (0.917), L, 6-10-1, 31:18 minutes
Thomas Greiss (NJD), 25 saves from 29 shots - (0.862), W, 3-5-0, 60:00 minutes

Players Stats for Blackhawks

Player Name              G  A  P  +/- PIM S  H  SB GA TA FO     MP     PP MP  PK MP  
------------------------------------------------------------------------------------
Andrew Shaw              0  0  0  -1  0   0  1  0  1  0  0/0     9:31   0:00   0:00 
Brock Nelson             1  0  1   1  0   1  0  0  0  1  0/0     9:40   0:00   0:00 
Brooks Laich             0  0  0  -1  0   0  0  1  1  0  4/14   16:12   0:00   5:29 
Cal Clutterbuck          0  0  0  -1  0   3  0  0  2  0  0/0     9:31   0:00   0:00 
Curtis Glencross         0  1  1   0  0   2  0  0  0  1  0/0    13:47   3:31   0:00 
David Backes             0  1  1   0  4   3  5  0  1  0  5/8    14:32   2:54   0:00 
Dustin Byfuglien         1  0  1  -2  4   2  1  0  2  1  0/0    16:26   2:53   0:00 
Jan Hejda                0  0  0  -1  0   4  1  0  0  1  0/0    14:48   0:00   1:28 
Jaromir Jagr             1  0  1  -1  0   2  0  0  2  0  0/1    20:21   2:54   5:23 
Jeff Carter              0  0  0  -1  0   2  2  0  0  1  10/18  20:21   2:54   5:23 
Jordie Benn              0  1  1   2  2   1  1  2  1  3  0/0    19:20   0:00   5:40 
Justin Braun             0  1  1  -2  0   2  2  2  0  4  0/0    26:18   3:32   6:18 
Martin Hanzal            1  2  3   1  0   4  1  2  5  0  6/10   13:11   3:31   0:00 
Michael Del Zotto        0  0  0  -2  2   0  1  0  0  1  0/0    21:16   2:53   2:44 
PA Parenteau             0  0  0   0  0   2  0  0  1  0  0/0    10:16   0:00   0:00 
Ryan Callahan            0  0  0   1  0   0  1  0  4  0  0/1    19:52   3:31   5:29 
Torey Krug               0  0  0   2  2   1  1  0  0  0  0/0    22:48   3:32   5:34 
Tyler Toffoli            0  0  0   0  0   0  0  0  0  0  0/0    10:51   0:00   0:00 

Players Stats for Devils

Player Name              G  A  P  +/- PIM S  H  SB GA TA FO     MP     PP MP  PK MP  
------------------------------------------------------------------------------------
Adam Burish              0  0  0   0  0   0  0  0  0  0  5/13   13:14   0:00   2:11 
Alex Tanguay             1  0  1   0  0   3  1  0  2  0  0/0    13:00   0:00   1:11 
Brent Seabrook           0  3  3   2  0   2  0  5  2  3  0/0    24:38   4:31   2:42 
Chris Mueller            0  0  0  -1  0   1  1  0  0  0  0/0     8:04   0:00   0:00 
Drew Stafford            2  1  3   1  2   3  2  0  3  1  1/3    20:27   6:09   3:24 
Grant Clitsome           0  1  1   1  0   1  0  3  1  2  0/0    24:30   6:21   0:00 
Jamie McGinn             0  0  0   0  0   3  0  1  1  0  0/0    11:35   0:00   0:00 
Jay Beagle               0  0  0   0  2   1  2  1  3  0  6/12   14:55   4:43   0:55 
John Carlson             0  1  1   0  0   0  1  1  2  0  0/0    22:19   6:28   3:43 
Kris Versteeg            0  0  0  -1  0   1  0  1  2  0  1/1     8:04   0:00   0:00 
Mark Stuart              0  2  2   0  0   3  2  2  0  1  0/0    29:24   4:24   3:43 
Martin Erat              0  0  0   0  0   1  2  0  0  1  0/0    10:49   0:00   0:00 
Matt Irwin               0  0  0   0  2   0  0  0  0  1  0/0     5:26   0:00   0:00 
Patrik Berglund          0  0  0   1  0   3  2  0  5  0  3/8    16:46   4:43   0:00 
Ryan Jones               0  0  0   1  0   0  2  0  1  0  1/2    16:56   6:09   0:00 
Tim Gleason              0  0  0  -1  0   0  0  0  1  3  0/0    14:15   0:00   2:42 
Tyler Johnson            1  0  1   1  0   3  0  0  4  0  9/12   22:25   6:09   4:43 
Ville Leino              1  0  1   1  2   3  1  0  2  1  1/1    16:44   4:43   0:26 

3 Stars

1 - Drew Stafford (NJD)
2 - Martin Hanzal (Chi)
3 - Brent Seabrook (NJD)

Power Play

Blackhawks - 2 on 4 Attempt(s) - 50.00%
Devils - 2 on 7 Attempt(s) - 28.57%

Penalty Kill

Blackhawks - 5 on 7 Attempt(s) - 71.43% - Score 0 goal in Penalty Kill
Devils - 2 on 4 Attempt(s) - 50.00% - Score 0 goal in Penalty Kill

Official

Referees : Unknown
Linesman : Unknown

Game Notes

Anton Khudobin enters game at 8:42 of 2nd period

Finance

Level 1 -- Attendance: 6000 (100.00%) -- Ticket Income $450,000
Level 2 -- Attendance: 3445 (68.90%) -- Ticket Income $206,700
Level 3 -- Attendance: 1572 (78.60%) -- Ticket Income $55,020
Level 4 -- Attendance: 2260 (56.50%) -- Ticket Income $56,500
Luxury Box -- Attendance: 1000 (100.00%) -- Ticket Income $160,000
Game was played at the Continental Airlines Arena
Total Attendance: 14277 (79.32%)
Total Ticket Income: $928,220
Other Income: $454,828
Total Income: $1,383,048

Blackhawks

5 vs 5 Forward 
   Center                   Left Wing                Right Wing               Time % Phy DF OF 
 1 Jeff Carter              Tyler Toffoli            Jaromir Jagr             30     0   2  3  
 2 David Backes             Curtis Glencross         PA Parenteau             25     1   2  2  
 3 Martin Hanzal            Brock Nelson             Ryan Callahan            25     2   2  1  
 4 Brooks Laich             Cal Clutterbuck          Andrew Shaw              20     2   2  1  

5 vs 5 Defense 
   Defense                  Defense                                           Time % Phy DF OF 
 1 Michael Del Zotto        Justin Braun                                      30     1   2  2  
 2 Torey Krug               Jordie Benn                                       30     1   2  2  
 3 Jan Hejda                Dustin Byfuglien                                  30     1   2  2  
 4 Michael Del Zotto        Justin Braun                                      10     1   2  2  

PowerPlay Forward 
   Center                   Left Wing                Right Wing               Time % Phy DF OF 
 1 Martin Hanzal            Curtis Glencross         Ryan Callahan            50     0   1  4  
 2 David Backes             Jaromir Jagr             Jeff Carter              50     0   1  4  

PowerPlay Defense
   Defense                  Defense                                           Time % Phy DF OF 
 1 Torey Krug               Justin Braun                                      50     0   2  3  
 2 Michael Del Zotto        Dustin Byfuglien                                  50     0   2  3  

Penalty Kill 4 Players Forward 
   Center                   Wing                     Time % Phy DF OF 
 1 Brooks Laich             Ryan Callahan            50     1   3  1  
 2 Jeff Carter              Jaromir Jagr             50     1   3  1  

Penalty Kill 4 Players Defense
   Defense                  Defense                  Time % Phy DF OF 
 1 Torey Krug               Jordie Benn              50     2   3  0  
 2 Michael Del Zotto        Justin Braun             50     2   3  0  

Penalty Kill - 3 Players Forward 
   Forward                                           Time % Phy DF OF 
 1 Ryan Callahan                                     50     1   4  0  
 2 Brooks Laich                                      50     1   4  0  

Penalty Kill - 3 Players Defense
   Defense                  Defense                  Time % Phy DF OF 
 1 Torey Krug               Jordie Benn              50     1   4  0  
 2 Michael Del Zotto        Justin Braun             50     1   4  0  

4 vs 4 Forward 
   Center                   Wing                     Time % Phy DF OF 
 1 David Backes             Jeff Carter              50     0   2  3  
 2 Martin Hanzal            Curtis Glencross         50     0   2  3  

4 vs 4 Defense
   Defense                  Defense                  Time % Phy DF OF 
 1 Jan Hejda                Justin Braun             50     1   2  2  
 2 Torey Krug               Jordie Benn              50     1   2  2  

Last Minutes Offensive
   Center                   Left Wing                Right Wing               Defense                  Defense                  
   David Backes             Jaromir Jagr             Jeff Carter              Torey Krug               Dustin Byfuglien         

Last Minutes Defensive
   Center                   Left Wing                Right Wing               Defense                  Defense                  
   David Backes             Brooks Laich             Ryan Callahan            Jan Hejda                Justin Braun             

Goaltenders
Starting : Craig Anderson           
Backup : Anton Khudobin           

Extra Forwards
Normal : Ryan Callahan, Jeff Carter, David Backes - PP : Ryan Callahan, PA Parenteau - PK : David Backes
Extra Defensemen
Normal : Dustin Byfuglien, Torey Krug, Michael Del Zotto - PP : Dustin Byfuglien - PK : Justin Braun, Jan Hejda
Penalty Shots
Brooks Laich, PA Parenteau, Jeff Carter, Ryan Callahan, Jaromir Jagr

Devils

5 vs 5 Forward 
   Center                   Left Wing                Right Wing               Time % Phy DF OF 
 1 Tyler Johnson            Ryan Jones               Drew Stafford            31     0   2  3  
 2 Patrik Berglund          Jamie McGinn             Martin Erat              28     0   2  3  
 3 Adam Burish              Ville Leino              Alex Tanguay             25     2   2  1  
 4 Jay Beagle               Kris Versteeg            Chris Mueller            16     2   2  1  

5 vs 5 Defense 
   Defense                  Defense                                           Time % Phy DF OF 
 1 John Carlson             Mark Stuart                                       33     1   3  1  
 2 Grant Clitsome           Brent Seabrook                                    33     0   2  3  
 3 Tim Gleason              Mark Stuart                                       33     2   2  1  
 4 Grant Clitsome           Matt Irwin                                        1      1   2  2  

PowerPlay Forward 
   Center                   Left Wing                Right Wing               Time % Phy DF OF 
 1 Tyler Johnson            Ryan Jones               Drew Stafford            60     0   0  5  
 2 Jay Beagle               Ville Leino              Patrik Berglund          40     0   0  5  

PowerPlay Defense
   Defense                  Defense                                           Time % Phy DF OF 
 1 John Carlson             Grant Clitsome                                    60     0   2  3  
 2 Brent Seabrook           Mark Stuart                                       40     0   2  3  

Penalty Kill 4 Players Forward 
   Center                   Wing                     Time % Phy DF OF 
 1 Drew Stafford            Tyler Johnson            60     0   4  1  
 2 Jay Beagle               Ville Leino              40     0   4  1  

Penalty Kill 4 Players Defense
   Defense                  Defense                  Time % Phy DF OF 
 1 Mark Stuart              John Carlson             60     1   4  0  
 2 Brent Seabrook           Tim Gleason              40     1   4  0  

Penalty Kill - 3 Players Forward 
   Forward                                           Time % Phy DF OF 
 1 Jay Beagle                                        60     0   5  0  
 2 Drew Stafford                                     40     0   5  0  

Penalty Kill - 3 Players Defense
   Defense                  Defense                  Time % Phy DF OF 
 1 Mark Stuart              John Carlson             60     0   5  0  
 2 Brent Seabrook           Tim Gleason              40     0   5  0  

4 vs 4 Forward 
   Center                   Wing                     Time % Phy DF OF 
 1 Jay Beagle               Tyler Johnson            60     1   2  2  
 2 Patrik Berglund          Drew Stafford            40     1   2  2  

4 vs 4 Defense
   Defense                  Defense                  Time % Phy DF OF 
 1 Brent Seabrook           Tim Gleason              60     1   2  2  
 2 Mark Stuart              John Carlson             40     1   2  2  

Last Minutes Offensive
   Center                   Left Wing                Right Wing               Defense                  Defense                  
   Tyler Johnson            Martin Erat              Drew Stafford            John Carlson             Brent Seabrook           

Last Minutes Defensive
   Center                   Left Wing                Right Wing               Defense                  Defense                  
   Tyler Johnson            Jamie McGinn             Alex Tanguay             Brent Seabrook           John Carlson             

Goaltenders
Starting : Thomas Greiss            
Backup : Jimmy Howard             

Extra Forwards
Normal : Adam Burish, Drew Stafford, Tyler Johnson - PP : Drew Stafford, Ville Leino - PK : Drew Stafford
Extra Defensemen
Normal : Brent Seabrook, John Carlson, Tim Gleason - PP : Mark Stuart - PK : Mark Stuart, Tim Gleason
Penalty Shots
Drew Stafford, Ville Leino, Ryan Jones, Jay Beagle, Tyler Johnson

% Time on Ice - Blackhawks

Lines # - Real PCT - Wanted PCT - Time Play
Normal Forward
1 - 29% - 30% - 12:03
2 - 25% - 25% - 10:33
3 - 23% - 25% - 9:40
4 - 23% - 20% - 9:31
Normal Defense
1 - 31% - 30% - 13:09
2 - 31% - 30% - 12:49
3 - 32% - 30% - 13:20
4 - 6% - 10% - 2:29
PP Forward
1 - 55% - 50% - 3:31
2 - 45% - 50% - 2:54
PP Defense
1 - 55% - 50% - 3:32
2 - 45% - 50% - 2:53
PK Forward
1 - 50% - 50% - 5:29
2 - 50% - 50% - 5:23
PK Defense
1 - 69% - 50% - 7:33
2 - 31% - 50% - 3:19
PK3 Forward
1 - 0% - 50%
2 - 0% - 50%
PK3 Defense
1 - 0% - 50%
2 - 0% - 50%
44 Forward
1 - 0% - 50%
2 - 0% - 50%
44 Defense
1 - 0% - 50%
2 - 0% - 50%
Last Minute Offensive  - 0:56
Last Minute Defensive  - 0:00
Total
Forward - 60:00
Defense - 60:00

% Time on Ice - Devils

Lines # - Real PCT - Wanted PCT - Time Play
Normal Forward
1 - 27% - 31% - 11:28
2 - 29% - 28% - 12:03
3 - 25% - 25% - 10:22
4 - 19% - 16% - 8:04
Normal Defense
1 - 27% - 33% - 11:22
2 - 36% - 33% - 15:17
3 - 25% - 33% - 10:24
4 - 12% - 1% - 4:54
PP Forward
1 - 57% - 60% - 6:09
2 - 43% - 40% - 4:43
PP Defense
1 - 60% - 60% - 6:28
2 - 40% - 40% - 4:24
PK Forward
1 - 86% - 60% - 5:30
2 - 14% - 40% - 0:55
PK Defense
1 - 58% - 60% - 3:43
2 - 42% - 40% - 2:42
PK3 Forward
1 - 0% - 60%
2 - 0% - 40%
PK3 Defense
1 - 0% - 60%
2 - 0% - 40%
44 Forward
1 - 0% - 60%
2 - 0% - 40%
44 Defense
1 - 0% - 60%
2 - 0% - 40%
Last Minute Offensive  - 0:00
Last Minute Defensive  - 0:46
Total
Forward - 60:00
Defense - 60:00

Play by Play

1st period


0:01 of 1st period - Tyler Johnson wins face-off versus Jaromir Jagr in neutral zone.
0:34 of 1st period - Snap shot by Tyler Johnson.
0:34 of 1st period - Shot Misses the Net.
1:20 of 1st period - Wrist shot by Curtis Glencross.
1:20 of 1st period - Deflect By David Backes.
1:20 of 1st period - Shot Misses the Net.
1:20 of 1st period - Puck is out of play.
1:21 of 1st period - Martin Hanzal wins face-off versus Adam Burish in Devils zone.
1:57 of 1st period - Snap shot by Martin Hanzal.
1:57 of 1st period - Shot Misses the Net.
1:59 of 1st period - Wrist shot by Brock Nelson.
1:59 of 1st period - Goal by Brock Nelson - Blackhawks : 1 - Devils : 0.
2:00 of 1st period - Jay Beagle wins face-off versus Brooks Laich in neutral zone.
2:19 of 1st period - Snap shot by Cal Clutterbuck.
2:19 of 1st period - Stopped by Thomas Greiss with a rebound.
2:33 of 1st period - Wrist shot by Cal Clutterbuck.
2:33 of 1st period - Stopped by Thomas Greiss without a rebound.
2:34 of 1st period - David Backes wins face-off versus Tyler Johnson in Devils zone.
2:57 of 1st period - Wrist shot by Curtis Glencross.
2:57 of 1st period - Shot Blocked by Brent Seabrook.
2:59 of 1st period - Snap shot by Curtis Glencross.
2:59 of 1st period - Shot Blocked by Brent Seabrook.
3:01 of 1st period - Snap shot by David Backes.
3:01 of 1st period - Shot Hit the Post.
3:03 of 1st period - Slapshot by Justin Braun.
3:03 of 1st period - Shot Misses the Net.
3:11 of 1st period - Wrist shot by David Backes.
3:11 of 1st period - Deflect By Curtis Glencross.
3:11 of 1st period - Deflect By Brent Seabrook.
3:11 of 1st period - Shot Blocked by Grant Clitsome.
3:11 of 1st period - Puck is out of play.
3:12 of 1st period - Patrik Berglund wins face-off versus Martin Hanzal in Devils zone.
3:37 of 1st period - Snap shot by Patrik Berglund.
3:37 of 1st period - Stopped by Craig Anderson without a rebound.
3:38 of 1st period - Jeff Carter wins face-off versus Adam Burish in Blackhawks zone.
3:46 of 1st period - Minor Penalty to Ville Leino for Roughing.
3:47 of 1st period - Martin Hanzal wins face-off versus Drew Stafford in Devils zone.
4:56 of 1st period - Tyler Johnson is hit by David Backes and loses puck.
5:25 of 1st period - Slapshot by Dustin Byfuglien.
5:25 of 1st period - Deflect By Brent Seabrook.
5:25 of 1st period - Goal by Dustin Byfuglien - Blackhawks : 2 - Devils : 0.
5:26 of 1st period - Adam Burish wins face-off versus Brooks Laich in neutral zone.
5:37 of 1st period - Snap shot by Alex Tanguay.
5:37 of 1st period - Shot Misses the Net.
5:47 of 1st period - Slapshot by Brent Seabrook.
5:47 of 1st period - Deflect By Alex Tanguay.
5:47 of 1st period - Goal by Alex Tanguay - Blackhawks : 2 - Devils : 1.
5:48 of 1st period - Jeff Carter wins face-off versus Patrik Berglund in neutral zone.
7:28 of 1st period - Tyler Johnson is hit by David Backes and loses puck.
8:04 of 1st period - Minor Penalty to David Backes for Slashing.
8:05 of 1st period - Jeff Carter wins face-off versus Jay Beagle in Blackhawks zone.
8:11 of 1st period - Snap shot by Jeff Carter.
8:11 of 1st period - Stopped by Thomas Greiss without a rebound.
8:12 of 1st period - Ville Leino wins face-off versus Jeff Carter in Devils zone.
8:39 of 1st period - Justin Braun is hit by Patrik Berglund and loses puck.
9:13 of 1st period - Jordie Benn is hit by Ryan Jones and loses puck.
9:30 of 1st period - Snap shot by Patrik Berglund.
9:30 of 1st period - Stopped by Craig Anderson with a rebound.
9:32 of 1st period - Slapshot by Brent Seabrook.
9:32 of 1st period - Shot Misses the Net.
9:34 of 1st period - Slapshot by Mark Stuart.
9:34 of 1st period - Stopped by Craig Anderson with a rebound.
9:36 of 1st period - Slapshot by Brent Seabrook.
9:36 of 1st period - Shot Blocked by Jordie Benn.
10:04 of 1st period - Penalty to David Backes is over, David Backes is back on ice.
10:07 of 1st period - Ryan Callahan is hit by Jay Beagle.
10:31 of 1st period - Matt Irwin is hit by David Backes and loses puck.
10:47 of 1st period - Minor Penalty to David Backes for Cross-checking.
10:48 of 1st period - Tyler Johnson wins face-off versus Jeff Carter in Blackhawks zone.
11:21 of 1st period - Slapshot by Grant Clitsome.
11:21 of 1st period - Shot Blocked by Justin Braun.
11:23 of 1st period - Slapshot by Brent Seabrook.
11:23 of 1st period - Deflect By Drew Stafford.
11:23 of 1st period - Goal by Drew Stafford - Blackhawks : 2 - Devils : 2.
11:24 of 1st period - Brooks Laich wins face-off versus Patrik Berglund in neutral zone.
11:54 of 1st period - Snap shot by Jamie McGinn.
11:54 of 1st period - Deflect By Martin Erat.
11:54 of 1st period - Stopped by Craig Anderson with a rebound.
11:56 of 1st period - Snap shot by Mark Stuart.
11:56 of 1st period - Stopped by Craig Anderson with a rebound.
11:58 of 1st period - Snap shot by Jamie McGinn.
11:58 of 1st period - Stopped by Craig Anderson with a rebound.
12:05 of 1st period - Icing by Jordie Benn.
12:06 of 1st period - Adam Burish wins face-off versus Brooks Laich in Blackhawks zone.
12:22 of 1st period - Slapshot by Alex Tanguay.
12:22 of 1st period - Shot Blocked by Brooks Laich.
12:24 of 1st period - Snap shot by Grant Clitsome.
12:24 of 1st period - Shot Misses the Net.
12:42 of 1st period - Wrist shot by Alex Tanguay.
12:42 of 1st period - Shot Misses the Net.
13:14 of 1st period - Icing by Brent Seabrook.
13:15 of 1st period - Jay Beagle wins face-off versus Martin Hanzal in Devils zone.
15:28 of 1st period - Icing by Tyler Toffoli.
15:29 of 1st period - Jeff Carter wins face-off versus Adam Burish in Blackhawks zone.
15:40 of 1st period - Alex Tanguay is hit by David Backes and loses puck.
16:09 of 1st period - Slapshot by Torey Krug.
16:09 of 1st period - Shot Blocked by Mark Stuart.
16:11 of 1st period - Slapshot by PA Parenteau.
16:11 of 1st period - Stopped by Thomas Greiss with a rebound.
16:29 of 1st period - Snap shot by Drew Stafford.
16:29 of 1st period - Shot Misses the Net.
16:31 of 1st period - Slapshot by Brent Seabrook.
16:31 of 1st period - Shot Blocked by Jordie Benn.
16:33 of 1st period - Snap shot by Grant Clitsome.
16:33 of 1st period - Stopped by Craig Anderson with a rebound.
16:35 of 1st period - Snap shot by Tyler Johnson.
16:35 of 1st period - Shot Misses the Net.
16:47 of 1st period - Jay Beagle is hit by Andrew Shaw and loses puck.
18:32 of 1st period - Snap shot by Alex Tanguay.
18:32 of 1st period - Stopped by Craig Anderson with a rebound.
18:34 of 1st period - Snap shot by Mark Stuart.
18:34 of 1st period - Shot Blocked by Martin Hanzal.
18:36 of 1st period - Slapshot by Ville Leino.
18:36 of 1st period - Shot Misses the Net.
18:38 of 1st period - Snap shot by John Carlson.
18:38 of 1st period - Shot Blocked by Martin Hanzal.
19:00 of 1st period - Minor Penalty to Michael Del Zotto for Interference.
19:01 of 1st period - Tyler Johnson wins face-off versus Brooks Laich in Blackhawks zone.
19:24 of 1st period - Jaromir Jagr is hit by Ryan Jones and loses puck.
Goals for this period are 2 for Blackhawks vs 2 for Devils.
Shots for this period are 6 for Blackhawks vs 10 for Devils.

2nd period


0:01 of 2nd period - Tyler Johnson wins face-off versus Brooks Laich in neutral zone.
0:34 of 2nd period - Snap shot by Tyler Johnson.
0:34 of 2nd period - Stopped by Craig Anderson without a rebound.
0:35 of 2nd period - Jeff Carter wins face-off versus Jay Beagle in Blackhawks zone.
0:49 of 2nd period - Wrist shot by Jaromir Jagr.
0:49 of 2nd period - Stopped by Thomas Greiss with a rebound.
0:51 of 2nd period - Snap shot by Jordie Benn.
0:51 of 2nd period - Stopped by Thomas Greiss without a rebound.
0:52 of 2nd period - Jay Beagle wins face-off versus Jeff Carter in Devils zone.
1:00 of 2nd period - Penalty to Michael Del Zotto is over, Michael Del Zotto is back on ice.
1:08 of 2nd period - Slapshot by Patrik Berglund.
1:08 of 2nd period - Stopped by Craig Anderson without a rebound.
1:09 of 2nd period - Tyler Johnson wins face-off versus David Backes in Blackhawks zone.
1:26 of 2nd period - Wrist shot by Curtis Glencross.
1:26 of 2nd period - Stopped by Thomas Greiss without a rebound.
1:27 of 2nd period - Ryan Jones wins face-off versus Jeff Carter in Devils zone.
1:50 of 2nd period - Drew Stafford is hit by Jeff Carter and loses puck.
2:25 of 2nd period - Off-side.
2:26 of 2nd period - Martin Hanzal wins face-off versus Patrik Berglund in neutral zone.
2:43 of 2nd period - Wrist shot by Martin Hanzal.
2:43 of 2nd period - Shot Blocked by Brent Seabrook.
2:45 of 2nd period - Slapshot by Martin Hanzal.
2:45 of 2nd period - Stopped by Thomas Greiss without a rebound.
2:46 of 2nd period - David Backes wins face-off versus Patrik Berglund in Devils zone.
3:07 of 2nd period - Slapshot by David Backes.
3:07 of 2nd period - Stopped by Thomas Greiss with a rebound.
3:09 of 2nd period - Snap shot by PA Parenteau.
3:09 of 2nd period - Stopped by Thomas Greiss with a rebound.
3:11 of 2nd period - Snap shot by Curtis Glencross.
3:11 of 2nd period - Stopped by Thomas Greiss with a rebound.
3:33 of 2nd period - Jeff Carter is hit by Martin Erat and loses puck.
3:40 of 2nd period - Brent Seabrook is hit by Torey Krug and loses puck.
4:02 of 2nd period - Minor Penalty to Dustin Byfuglien for Hooking.
4:03 of 2nd period - Tyler Johnson wins face-off versus Brooks Laich in Blackhawks zone.
4:23 of 2nd period - Snap shot by Tyler Johnson.
4:23 of 2nd period - Goal by Tyler Johnson - Blackhawks : 2 - Devils : 3.
4:24 of 2nd period - Jeff Carter wins face-off versus Tyler Johnson in neutral zone.
5:01 of 2nd period - Wrist shot by Jaromir Jagr.
5:01 of 2nd period - Deflect By Jeff Carter.
5:01 of 2nd period - Stopped by Thomas Greiss with a rebound.
5:21 of 2nd period - Alex Tanguay is hit by Michael Del Zotto and loses puck.
6:14 of 2nd period - Off-side.
6:15 of 2nd period - Kris Versteeg wins face-off versus Ryan Callahan in neutral zone.
6:39 of 2nd period - Minor Penalty to Dustin Byfuglien for Roughing.
6:40 of 2nd period - Jeff Carter wins face-off versus Ryan Jones in Blackhawks zone.
6:54 of 2nd period - Snap shot by Jeff Carter.
6:54 of 2nd period - Shot Blocked by John Carlson.
7:08 of 2nd period - Wrist shot by Ryan Callahan.
7:08 of 2nd period - Shot Misses the Net.
7:18 of 2nd period - Slapshot by Drew Stafford.
7:18 of 2nd period - Shot Misses the Net.
7:54 of 2nd period - Ryan Callahan is hit by Patrik Berglund and loses puck.
8:13 of 2nd period - Icing by Ryan Jones.
8:14 of 2nd period - Tyler Johnson wins face-off versus Jeff Carter in Devils zone.
8:29 of 2nd period - Jeff Carter is hit by Jay Beagle and loses puck.
8:36 of 2nd period - Wrist shot by Ville Leino.
8:36 of 2nd period - Shot Misses the Net.
8:38 of 2nd period - Slapshot by Brent Seabrook.
8:38 of 2nd period - Stopped by Craig Anderson with a rebound.
8:39 of 2nd period - Penalty to Dustin Byfuglien is over, Dustin Byfuglien is back on ice.
8:40 of 2nd period - Slapshot by Mark Stuart.
8:40 of 2nd period - Stopped by Craig Anderson with a rebound.
8:42 of 2nd period - Slapshot by Brent Seabrook.
8:42 of 2nd period - Deflect By Ville Leino.
8:42 of 2nd period - Goal by Ville Leino - Blackhawks : 2 - Devils : 4.
8:42 of 2nd period - Anton Khudobin enters game.
8:43 of 2nd period - Adam Burish wins face-off versus David Backes in neutral zone.
9:40 of 2nd period - Justin Braun is hit by Drew Stafford and loses puck.
10:52 of 2nd period - Wrist shot by Jaromir Jagr.
10:52 of 2nd period - Shot Misses the Net.
10:54 of 2nd period - Slapshot by Torey Krug.
10:54 of 2nd period - Shot Misses the Net.
10:56 of 2nd period - Slapshot by Jordie Benn.
10:56 of 2nd period - Shot Misses the Net.
10:58 of 2nd period - Snap shot by Jordie Benn.
10:58 of 2nd period - Shot Blocked by Kris Versteeg.
11:05 of 2nd period - Off-side.
11:06 of 2nd period - Adam Burish wins face-off versus Brooks Laich in neutral zone.
12:00 of 2nd period - Tyler Johnson is hit by Jan Hejda and loses puck.
12:07 of 2nd period - Drew Stafford is hit by David Backes and loses puck.
12:12 of 2nd period - Wrist shot by David Backes.
12:12 of 2nd period - Deflect By John Carlson.
12:12 of 2nd period - Stopped by Thomas Greiss with a rebound.
13:11 of 2nd period - Justin Braun is hit by Martin Erat and loses puck.
13:46 of 2nd period - Mark Stuart is hit by Justin Braun.
13:49 of 2nd period - Off-side.
13:50 of 2nd period - Brooks Laich wins face-off versus Adam Burish in neutral zone.
13:57 of 2nd period - Snap shot by Cal Clutterbuck.
13:57 of 2nd period - Shot Blocked by Grant Clitsome.
13:59 of 2nd period - Slapshot by Jan Hejda.
13:59 of 2nd period - Stopped by Thomas Greiss with a rebound.
14:01 of 2nd period - Backhand shot by Brooks Laich.
14:01 of 2nd period - Shot Blocked by Brent Seabrook.
14:27 of 2nd period - Wrist shot by Andrew Shaw.
14:27 of 2nd period - Shot Misses the Net.
14:51 of 2nd period - Wrist shot by Tyler Johnson.
14:51 of 2nd period - Shot Hit the Post.
15:33 of 2nd period - Snap shot by Martin Hanzal.
15:33 of 2nd period - Shot Misses the Net.
15:55 of 2nd period - Brent Seabrook is hit by Martin Hanzal and loses puck.
16:02 of 2nd period - Wrist shot by Martin Hanzal.
16:02 of 2nd period - Deflect By Ryan Callahan.
16:02 of 2nd period - Shot Misses the Net.
16:02 of 2nd period - Puck is out of play.
16:03 of 2nd period - Jay Beagle wins face-off versus Jeff Carter in Devils zone.
16:23 of 2nd period - Snap shot by Jaromir Jagr.
16:23 of 2nd period - Shot Blocked by Jay Beagle.
16:43 of 2nd period - Justin Braun is hit by John Carlson and loses puck.
16:54 of 2nd period - Snap shot by Tyler Johnson.
16:54 of 2nd period - Stopped by Anton Khudobin with a rebound.
17:19 of 2nd period - Minor Penalty to Torey Krug for Holding.
17:20 of 2nd period - Brooks Laich wins face-off versus Jay Beagle in Blackhawks zone.
18:13 of 2nd period - Slapshot by Ryan Jones.
18:13 of 2nd period - Shot Misses the Net.
18:15 of 2nd period - Wrist shot by Drew Stafford.
18:15 of 2nd period - Stopped by Anton Khudobin with a rebound.
18:46 of 2nd period - Grant Clitsome is hit by Ryan Callahan and loses puck.
19:05 of 2nd period - Brent Seabrook is hit by Jordie Benn and loses puck.
19:12 of 2nd period - Drew Stafford is hit by Justin Braun.
19:19 of 2nd period - Penalty to Torey Krug is over, Torey Krug is back on ice.
19:37 of 2nd period - Snap shot by Ville Leino.
19:37 of 2nd period - Stopped by Anton Khudobin with a rebound.
19:57 of 2nd period - Snap shot by Ville Leino.
19:57 of 2nd period - Stopped by Anton Khudobin without a rebound.
19:58 of 2nd period - David Backes wins face-off versus Adam Burish in Blackhawks zone.
Goals for this period are 0 for Blackhawks vs 2 for Devils.
Shots for this period are 10 for Blackhawks vs 10 for Devils.

3rd period


0:01 of 3rd period - Jeff Carter wins face-off versus Tyler Johnson in neutral zone.
0:08 of 3rd period - Jeff Carter is hit by Mark Stuart and loses puck.
0:43 of 3rd period - Minor Penalty to Drew Stafford for Roughing.
0:44 of 3rd period - Adam Burish wins face-off versus Martin Hanzal in Devils zone.
2:35 of 3rd period - Slapshot by Brent Seabrook.
2:35 of 3rd period - Stopped by Anton Khudobin without a rebound.
2:36 of 3rd period - David Backes wins face-off versus Adam Burish in Blackhawks zone.
2:43 of 3rd period - Penalty to Drew Stafford is over, Drew Stafford is back on ice.
3:03 of 3rd period - Slapshot by Torey Krug.
3:03 of 3rd period - Shot Misses the Net.
3:16 of 3rd period - Slapshot by Dustin Byfuglien.
3:16 of 3rd period - Shot Blocked by Brent Seabrook.
3:18 of 3rd period - Slapshot by Jan Hejda.
3:18 of 3rd period - Stopped by Thomas Greiss without a rebound.
3:19 of 3rd period - Martin Hanzal wins face-off versus Jay Beagle in Devils zone.
3:22 of 3rd period - Wrist shot by Ryan Callahan.
3:22 of 3rd period - Shot Misses the Net.
3:24 of 3rd period - Minor Penalty to Jay Beagle for High sticking.
3:25 of 3rd period - Drew Stafford wins face-off versus Martin Hanzal in Devils zone.
4:10 of 3rd period - Snap shot by David Backes.
4:10 of 3rd period - Shot Blocked by Mark Stuart.
4:12 of 3rd period - Wrist shot by David Backes.
4:12 of 3rd period - Deflect By Jaromir Jagr.
4:12 of 3rd period - Deflect By John Carlson.
4:12 of 3rd period - Goal by Jaromir Jagr - Blackhawks : 3 - Devils : 4.
4:13 of 3rd period - Patrik Berglund wins face-off versus Jeff Carter in neutral zone.
5:29 of 3rd period - Wrist shot by PA Parenteau.
5:29 of 3rd period - Shot Misses the Net.
5:31 of 3rd period - Slapshot by Justin Braun.
5:31 of 3rd period - Stopped by Thomas Greiss with a rebound.
6:23 of 3rd period - Snap shot by Ville Leino.
6:23 of 3rd period - Deflect By Torey Krug.
6:23 of 3rd period - Shot Misses the Net.
6:23 of 3rd period - Puck is out of play.
6:24 of 3rd period - Tyler Johnson wins face-off versus Brooks Laich in Blackhawks zone.
6:37 of 3rd period - Snap shot by Drew Stafford.
6:37 of 3rd period - Shot Misses the Net.
6:59 of 3rd period - Slapshot by Torey Krug.
6:59 of 3rd period - Stopped by Thomas Greiss without a rebound.
7:00 of 3rd period - Patrik Berglund wins face-off versus Jeff Carter in Devils zone.
7:21 of 3rd period - Wrist shot by Jamie McGinn.
7:21 of 3rd period - Stopped by Anton Khudobin with a rebound.
7:52 of 3rd period - Snap shot by Dustin Byfuglien.
7:52 of 3rd period - Stopped by Thomas Greiss with a rebound.
7:54 of 3rd period - Wrist shot by Martin Hanzal.
7:54 of 3rd period - Deflect By Grant Clitsome.
7:54 of 3rd period - Stopped by Thomas Greiss with a rebound.
7:56 of 3rd period - Wrist shot by Justin Braun.
7:56 of 3rd period - Deflect By Grant Clitsome.
7:56 of 3rd period - Stopped by Thomas Greiss with a rebound.
8:00 of 3rd period - Wrist shot by Ryan Callahan.
8:00 of 3rd period - Shot Blocked by Grant Clitsome.
8:02 of 3rd period - Backhand shot by Justin Braun.
8:02 of 3rd period - Shot Misses the Net.
8:04 of 3rd period - Snap shot by Martin Hanzal.
8:04 of 3rd period - Stopped by Thomas Greiss without a rebound.
8:05 of 3rd period - Jay Beagle wins face-off versus David Backes in Devils zone.
8:35 of 3rd period - Snap shot by Jay Beagle.
8:35 of 3rd period - Stopped by Anton Khudobin with a rebound.
8:37 of 3rd period - Slapshot by Chris Mueller.
8:37 of 3rd period - Stopped by Anton Khudobin with a rebound.
9:14 of 3rd period - Slapshot by John Carlson.
9:14 of 3rd period - Shot Misses the Net.
9:16 of 3rd period - Slapshot by Mark Stuart.
9:16 of 3rd period - Shot Misses the Net.
9:18 of 3rd period - Wrist shot by Drew Stafford.
9:18 of 3rd period - Goal by Drew Stafford - Blackhawks : 3 - Devils : 5.
9:19 of 3rd period - Jeff Carter wins face-off versus Adam Burish in neutral zone.
9:21 of 3rd period - Minor Penalty to Jordie Benn for Hooking.
9:22 of 3rd period - Tyler Johnson wins face-off versus Brooks Laich in Blackhawks zone.
10:28 of 3rd period - Patrik Berglund is hit by Jeff Carter and loses puck.
10:32 of 3rd period - Icing by Mark Stuart.
10:33 of 3rd period - Jay Beagle wins face-off versus Brooks Laich in Devils zone.
10:42 of 3rd period - Snap shot by Ville Leino.
10:42 of 3rd period - Shot Misses the Net.
10:44 of 3rd period - Snap shot by Brent Seabrook.
10:44 of 3rd period - Shot Misses the Net.
10:50 of 3rd period - Snap shot by Ville Leino.
10:50 of 3rd period - Shot Misses the Net.
11:06 of 3rd period - Jeff Carter is hit by Drew Stafford and loses puck.
11:21 of 3rd period - Penalty to Jordie Benn is over, Jordie Benn is back on ice.
11:24 of 3rd period - Ryan Callahan is hit by Mark Stuart and loses puck.
11:56 of 3rd period - Snap shot by Ville Leino.
11:56 of 3rd period - Shot Misses the Net.
11:58 of 3rd period - Snap shot by Adam Burish.
11:58 of 3rd period - Shot Misses the Net.
12:11 of 3rd period - Minor Penalty to Matt Irwin for Charging.
12:12 of 3rd period - David Backes wins face-off versus Drew Stafford in Devils zone.
12:17 of 3rd period - Snap shot by David Backes.
12:17 of 3rd period - Stopped by Thomas Greiss with a rebound.
13:32 of 3rd period - Wrist shot by Drew Stafford.
13:32 of 3rd period - Shot Blocked by Justin Braun.
14:11 of 3rd period - Penalty to Matt Irwin is over, Matt Irwin is back on ice.
14:30 of 3rd period - Dustin Byfuglien is hit by Alex Tanguay and loses puck.
14:41 of 3rd period - Snap shot by Jan Hejda.
14:41 of 3rd period - Stopped by Thomas Greiss with a rebound.
14:43 of 3rd period - Snap shot by Jordie Benn.
14:43 of 3rd period - Deflect By Cal Clutterbuck.
14:43 of 3rd period - Stopped by Thomas Greiss without a rebound.
14:44 of 3rd period - Brooks Laich wins face-off versus Patrik Berglund in Devils zone.
15:01 of 3rd period - Slapshot by Torey Krug.
15:01 of 3rd period - Shot Misses the Net.
15:03 of 3rd period - Snap shot by Jan Hejda.
15:03 of 3rd period - Shot Blocked by Jamie McGinn.
15:05 of 3rd period - Slapshot by Jan Hejda.
15:05 of 3rd period - Stopped by Thomas Greiss without a rebound.
15:06 of 3rd period - Martin Hanzal wins face-off versus Jay Beagle in Devils zone.
15:17 of 3rd period - Dustin Byfuglien is hit by Chris Mueller and loses puck.
15:54 of 3rd period - Matt Irwin is hit by Dustin Byfuglien and loses puck.
16:24 of 3rd period - Snap shot by Jamie McGinn.
16:24 of 3rd period - Shot Misses the Net.
16:26 of 3rd period - Snap shot by Jamie McGinn.
16:26 of 3rd period - Stopped by Anton Khudobin with a rebound.
17:08 of 3rd period - Michael Del Zotto is hit by Ville Leino.
17:57 of 3rd period - Snap shot by Kris Versteeg.
17:57 of 3rd period - Stopped by Anton Khudobin without a rebound.
17:58 of 3rd period - Martin Hanzal wins face-off versus Jay Beagle in Blackhawks zone.
18:21 of 3rd period - Snap shot by Martin Hanzal.
18:21 of 3rd period - Goal by Martin Hanzal - Blackhawks : 4 - Devils : 5.
18:22 of 3rd period - Jeff Carter wins face-off versus Adam Burish in neutral zone.
19:29 of 3rd period - Slapshot by Alex Tanguay.
19:29 of 3rd period - Stopped by Anton Khudobin with a rebound.
Goals for this period are 2 for Blackhawks vs 1 for Devils.
Shots for this period are 13 for Blackhawks vs 8 for Devils.


Output by the SimonT Hockey Simulator (STHS) for Eric Dolegowski -- Original Page W3C XHTML 1.0 Valid
Hockey Simulator - Hockey Simulation - Hockey Manager